 Dungeon Crawl Stone Soup version 0.24.1-4-ge52af88ad5 (webtiles) character file.

Game seed: 14575589208051867512, levelgen mode: deterministic

56 Peloso the Skirmisher (level 3, -2/33 HPs)
             Began as a Minotaur Fighter on Apr 18, 2020.
             Shot with an arrow by a centaur (8 damage)
             ... on level 4 of the Dungeon.
             The game lasted 00:02:50 (706 turns).

Peloso the Skirmisher (Minotaur Fighter)             Turns: 706, Time: 00:02:51

Health: -2/33      AC:  7    Str: 20    XL:     3   Next: 71%
Magic:  2/2        EV:  7    Int:  5    God:
Gold:   60         SH:  9    Dex: 10    Spells: 2/2 levels left

rFire    . . .     SeeInvis .   a - +0 long sword
rCold    . . .     Gourm    .   c - +0 shield
rNeg     . . .     Faith    .   b - +0 scale mail
rPois    .         Spirit   .   (helmet restricted)
rElec    .         Reflect  .   (no cloak)
rCorr    .         Harm     .   (no gloves)
MR       .....                  (no boots)
Stlth    ..........             (no amulet)
HPRegen  0.11/turn              (no ring)
MPRegen  0.08/turn              (no ring)

@: no status effects
A: retaliatory headbutt, horns 2
a: no special abilities


You were on level 4 of the Dungeon.
You were not hungry.

You visited 1 branch of the dungeon, and saw 3 of its levels.

You collected 60 gold pieces.

Inventory:

Hand Weapons
 a - a +0 long sword (weapon)
Armour
 b - a +0 scale mail (worn)
 c - a +0 shield (worn)
Jewellery
 g - an uncursed amulet of harm
Scrolls
 e - 2 scrolls of remove curse {unknown}
 k - a scroll of random uselessness {unknown}
Potions
 d - a potion of might
 h - 2 potions of lignification {unknown}
 i - a potion of heal wounds {unknown}
 j - a potion of haste {unknown}
Comestibles
 f - a ration
 l - a chunk of flesh


   Skills:
 + Level 4.1 Fighting
 + Level 3.7 Long Blades
 + Level 3.9 Armour
 + Level 0.5 Dodging
 + Level 4.1 Shields


You had 2 spell levels left.
You didn't know any spells.
Your spell library was empty.

Dungeon Overview and Level Annotations

Branches:
Dungeon (2/15)

Altars:

Shops:
D:4 [


Innate Abilities, Weirdness & Mutations

You reflexively headbutt those who attack you in melee.
You have a pair of horns on your head.


Message History

A goblin comes into view.
A goblin is nearby!
A goblin is nearby!
You see here a rat corpse.
You fall into a shaft and drop 2 floors!
The shaft crumbles and collapses.
An orc comes into view. It is wielding a +0 trident.
The orc shouts!
You hear a shout!
Found 26 gold pieces and 19 poisoned darts.
Found Oxiskuest's Armour Emporium.
A giant cockroach, an orc wizard and a phantom come into view.
Unknown command.
A centaur comes into view.
The centaur wields a +0 shortbow.
The centaur shoots an arrow.
The arrow hits you.
* * * LOW HITPOINT WARNING * * *
Found a leather armour.
You see here an arrow.
The centaur shoots an arrow.
The arrow hits you!
You die...

########.#...$..
...........o.#
#..W........#
####....♣.....#
......♣.∩.♣...####
...c....♣........#
.................#
...#....(.s..(...#
.......@.......$.#
........####.....#
.###..... .....#
##..... .....#
#.#..#. ......
#.##.... .## #[ ..
.. #. ... ..


You could see a phantom, a centaur, an orc wizard and a giant cockroach.

Vanquished Creatures
  An adder (D:2)
  An ooze (D:1)
  2 worms (D:2)
  A dart slug (D:1)
  2 giant cockroaches (D:1)
  6 goblins
  6 hobgoblins
  3 jackals (D:2)
  A bat (D:1)
  2 frilled lizards (D:1)
  4 kobolds (D:1)
  6 rats
35 creatures vanquished.

Notes
Turn   | Place    | Note
-------+----------+-------------------------------------------
     0 | D:1      | Peloso the Minotaur Fighter began the quest for the Orb.
     0 | D:1      | Reached XP level 1. HP: 19/19 MP: 0/0
   170 | D:1      | Reached XP level 2. HP: 27/27 MP: 1/1
   539 | D:1      | Reached XP level 3. HP: 33/33 MP: 2/2
   703 | D:2      | You fall into a shaft and drop 2 floors!
   703 | D:4      | Found Oxiskuest's Armour Emporium.
   704 | D:4      | Noticed a phantom
   704 | D:4      | Noticed a centaur
   706 | D:4      | Shot with an arrow by a centaur

Levels and vault maps discovered:
D:1:      scummos_arrival_checkerplants, layout_loops_ring
D:2:      layout_basic, first_ration
D:4:      layout_rooms, temple_pool_b, serial_shops, nicolae_shop_trees,
          fedhas_bush_and_centaur_altar

Skill      XL: |  1  2  3 |
---------------+----------+-----
Long Blades    | 3 |  3.7
Fighting       | 4 |  4.1
Shields        | 4 |  4.1
Armour         | |  3.9
Dodging        | |  0.5

Action                   || total
-------------------------++-------
Melee: Long sword        ||    92
       Headbutt          ||    12
Armor: Scale mail        ||    45
Dodge: Dodged            ||    22
Block: Shield            ||    51
       Rpst.: Long sword ||     6
